General information
- name: BNet
- type: Ladder team game (AT/RT)
- host: Battle.net
- saver:
map: Deadlands
- players: 8
- length: 78:02
- speed: Fast
- version: 1.26 W3XP
- replay type: Public
» download(358 KB)
Players
team 1 (winner)
Duke.BarrStorm (
red | 34 APM | 2656 actions | 78:02)
8 Mountain King
3 Storm Bolt
3 Bash
1 Avatar
1 Thunder Clap
5 Blood Mage
3 Siphon Mana
1 Flame Strike
1 Banish
» actions
| Assign group hotkey | 40 | |
| Basic commands | 31 | |
| Build / train | 84 | |
| Enter build submenu | 20 | |
| Enter hero's abilities submenu | 14 | |
| Give item / drop item | 3 | |
| Remove unit from queue | 2 | |
| Right click | 1263 | |
| Select / deselect | 464 | |
| Select group hotkey | 583 | |
| Use ability | 150 | |
2656 total
» units
| Peasant | 13 | |
| Rifleman | 15 | |
| Mortar Team | 10 | |
| Knight | 4 | |
42 total
» upgrades
| Gunpowder | 3 | |
| Long Rifles | 1 | |
| Lumber Harvesting | 1 | |
| Fragmentation Shards | 1 | |
| Flare | 1 | |
| Armor | 1 | |
8 total
» buildings
| Altar of Kings | 1 | |
| Farm | 14 | |
| Blacksmith | 1 | |
| Barracks | 1 | |
| Keep | 1 | |
| Lumber Mill | 1 | |
| Castle | 1 | |
| Arcane Sanctum | 1 | |
| Workshop | 1 | |
| Town Hall | 1 | |
| Arcane Vault | 1 | |
| Scout Tower | 6 | |
| Guard Tower | 2 | |
| Arcane Tower | 1 | |
33 total
» build order
00:07 Altar of Kings
00:14 Farm
01:22 Blacksmith
01:38 Barracks
02:02 Farm
02:05 Farm
02:08 Farm
03:45 Keep
05:05 Lumber Mill
06:10 Castle
06:14 Arcane Sanctum
06:18 Workshop
06:24 Town Hall
06:42 Farm
06:43 Farm
06:43 Farm
07:46 Arcane Vault
07:54 Scout Tower
07:56 Scout Tower
07:57 Scout Tower
07:57 Scout Tower
07:58 Scout Tower
07:59 Scout Tower
09:38 Guard Tower
10:47 Guard Tower
11:43 Arcane Tower
13:18 Farm
13:19 Farm
13:43 Farm
13:45 Farm
14:45 Farm
» items
| Scroll of Town Portal | 3 | |
| Orb of Fire | 1 | |
| Staff of Sanctuary | 2 | |
| Potion of Healing | 1 | |
| Boots of Speed | 2 | |
| Lesser Clarity Potion | 2 | |
| Scroll of Regeneration | 1 | |
12 total
shikaka.naruto (
yellow | 53 APM | 4134 actions | 78:02)
10 Blademaster
3 Wind Walk
3 Critical Strike
1 Bladestorm
3 Mirror Image
» actions
| Assign group hotkey | 79 | |
| Basic commands | 192 | |
| Build / train | 105 | |
| Enter build submenu | 32 | |
| Enter hero's abilities submenu | 10 | |
| Give item / drop item | 8 | |
| Remove unit from queue | 1 | |
| Right click | 1799 | |
| Select / deselect | 366 | |
| Select group hotkey | 1238 | |
| Use ability | 304 | |
4134 total
» units
| Peon | 22 | |
| Wind Rider | 8 | |
| Goblin Shredder | 2 | |
| Goblin Sapper | 10 | |
| Raider | 1 | |
| Draenei Darkslayer | 1 | |
| Voidwalker | 1 | |
| Draenei Disciple | 1 | |
| Fel Beast | 2 | |
48 total
» upgrades
| Ranged Weapons | 3 | |
| Reinforced Defenses | 1 | |
| Armor | 4 | |
| Envenomed Spears | 1 | |
9 total
» buildings
| Altar of Storms | 1 | |
| Orc Burrow | 9 | |
| Voodoo Lounge | 1 | |
| War Mill | 1 | |
| Stronghold | 3 | |
| Watch Tower | 23 | |
| Beastiary | 4 | |
| Fortress | 1 | |
| Great Hall | 4 | |
47 total
» build order
00:08 Altar of Storms
00:20 Orc Burrow
01:04 Voodoo Lounge
01:22 War Mill
02:11 Stronghold
02:41 Watch Tower
02:52 Watch Tower
03:01 Watch Tower
03:16 Orc Burrow
03:29 Orc Burrow
04:54 Beastiary
04:56 Beastiary
05:09 Orc Burrow
06:47 Watch Tower
06:48 Watch Tower
08:42 Fortress
09:14 Great Hall
09:16 Watch Tower
09:16 Watch Tower
09:17 Watch Tower
10:34 Watch Tower
10:34 Watch Tower
10:35 Watch Tower
11:36 Orc Burrow
12:52 Beastiary
12:56 Watch Tower
12:56 Watch Tower
12:57 Watch Tower
12:57 Watch Tower
16:19 Orc Burrow
16:19 Orc Burrow
17:22 Great Hall
18:01 Watch Tower
18:02 Watch Tower
18:02 Watch Tower
18:10 Great Hall
18:21 Beastiary
18:22 Orc Burrow
19:09 Orc Burrow
21:27 Great Hall
21:53 Watch Tower
21:54 Watch Tower
25:23 Watch Tower
25:23 Watch Tower
25:23 Watch Tower
31:30 Stronghold
» items
| Healing Salve | 8 | |
| Lesser Clarity Potion | 5 | |
| Potion of Healing | 6 | |
| Staff of Teleportation | 1 | |
| Potion of Lesser Invulnerability | 2 | |
| Scroll of Regeneration | 4 | |
| Orb of Lightning | 1 | |
| Scroll of Town Portal | 3 | |
| Potion of Mana | 1 | |
| Boots of Speed | 1 | |
32 total
13LACK_D34TH (
orange | 51 APM | 2494 actions | 48:49)
4 Archmage
2 Blizzard
2 Brilliance Aura
4 Paladin
2 Divine Shield
2 Holy Light
» actions
| Assign group hotkey | 17 | |
| Basic commands | 4 | |
| Build / train | 76 | |
| ESC pressed | 3 | |
| Enter build submenu | 27 | |
| Enter hero's abilities submenu | 8 | |
| Right click | 1262 | |
| Select / deselect | 599 | |
| Select group hotkey | 389 | |
| Use ability | 108 | |
2494 total
» units
| Peasant | 14 | |
| Gryphon Rider | 6 | |
| Siege Engine | 2 | |
22 total
» upgrades
| Masonry | 2 | |
| Lumber Harvesting | 2 | |
| Swords | 2 | |
| Armor | 2 | |
| Storm Hammers | 1 | |
| Barrage | 1 | |
10 total
» buildings
| Altar of Kings | 1 | |
| Lumber Mill | 1 | |
| Farm | 14 | |
| Arcane Vault | 2 | |
| Scout Tower | 22 | |
| Guard Tower | 13 | |
| Keep | 1 | |
| Castle | 1 | |
| Blacksmith | 1 | |
| Gryphon Aviary | 2 | |
| Workshop | 2 | |
| Town Hall | 1 | |
61 total
» build order
00:10 Altar of Kings
00:14 Lumber Mill
00:24 Farm
01:37 Farm
01:48 Arcane Vault
01:52 Scout Tower
03:30 Scout Tower
03:31 Scout Tower
04:00 Guard Tower
04:04 Scout Tower
04:05 Scout Tower
04:13 Keep
04:24 Guard Tower
04:37 Guard Tower
04:47 Scout Tower
04:48 Scout Tower
05:17 Scout Tower
05:18 Scout Tower
05:57 Guard Tower
06:44 Castle
08:38 Blacksmith
08:42 Gryphon Aviary
08:42 Gryphon Aviary
09:17 Guard Tower
09:55 Arcane Vault
10:28 Scout Tower
10:29 Scout Tower
10:30 Scout Tower
11:12 Scout Tower
11:14 Scout Tower
11:19 Guard Tower
11:23 Farm
11:24 Farm
11:25 Farm
11:27 Farm
11:40 Guard Tower
12:00 Scout Tower
12:01 Scout Tower
12:05 Guard Tower
12:36 Guard Tower
12:49 Farm
12:50 Farm
12:59 Scout Tower
13:01 Scout Tower
13:02 Scout Tower
13:04 Scout Tower
13:12 Guard Tower
13:41 Farm
13:42 Farm
13:56 Guard Tower
14:28 Scout Tower
14:29 Scout Tower
14:32 Guard Tower
15:02 Guard Tower
20:17 Workshop
20:20 Workshop
20:51 Farm
20:51 Farm
20:53 Farm
20:54 Farm
40:06 Town Hall
» items
| Scroll of Regeneration | 7 | |
| Lesser Clarity Potion | 2 | |
| Scroll of Town Portal | 5 | |
| Ivory Tower | 3 | |
| Potion of Healing | 1 | |
| Orb of Lightning | 1 | |
19 total
cerberusateit (
purple | 9 APM | 610 actions | 65:06)
7 Lich
3 Frost Nova
3 Frost Armor
1 Death and Decay
» actions
| Assign group hotkey | 18 | |
| Basic commands | 4 | |
| Build / train | 58 | |
| Enter build submenu | 26 | |
| Enter hero's abilities submenu | 7 | |
| Right click | 197 | |
| Select / deselect | 174 | |
| Select group hotkey | 77 | |
| Use ability | 49 | |
610 total
» units
| Acolyte | 10 | |
| Ghoul | 5 | |
| Crypt Fiend | 14 | |
| Abomination | 2 | |
31 total
» upgrades
| Creature Attack | 3 | |
| Creature Carapace | 3 | |
| Web | 1 | |
| Disease Cloud | 1 | |
| Unholy Strength | 1 | |
9 total
» buildings
| Altar of Darkness | 1 | |
| Ziggurat | 14 | |
| Crypt | 2 | |
| Graveyard | 1 | |
| Nerubian Tower | 3 | |
| Spirit Tower | 5 | |
| Halls of the Dead | 1 | |
| Tomb of Relics | 1 | |
| Black Citadel | 1 | |
| Sacrificial Pit | 1 | |
| Slaughterhouse | 3 | |
33 total
» build order
00:33 Altar of Darkness
00:40 Ziggurat
00:54 Crypt
01:40 Graveyard
01:48 Ziggurat
02:26 Crypt
02:36 Nerubian Tower
03:04 Spirit Tower
05:13 Halls of the Dead
05:48 Ziggurat
06:07 Ziggurat
06:47 Spirit Tower
07:22 Spirit Tower
08:03 Ziggurat
08:30 Tomb of Relics
10:03 Nerubian Tower
10:07 Black Citadel
11:32 Ziggurat
11:41 Ziggurat
12:35 Spirit Tower
12:49 Nerubian Tower
13:57 Sacrificial Pit
18:27 Ziggurat
19:17 Ziggurat
19:31 Slaughterhouse
19:44 Slaughterhouse
19:49 Spirit Tower
22:33 Slaughterhouse
24:14 Ziggurat
25:26 Ziggurat
25:57 Ziggurat
26:09 Ziggurat
26:18 Ziggurat
team 2 (loser)

»
k2killer (
blue | 28 APM | 1420 actions | 50:38)
5 Lich
3 Frost Nova
2 Frost Armor
5 Pandaren Brewmaster
1 Breath of Fire
1 Storm Earth and Fire
1 Drunken Brawler
2 Drunken Haze
» actions
| Basic commands | 6 | |
| Build / train | 108 | |
| Enter build submenu | 34 | |
| Enter hero's abilities submenu | 11 | |
| Give item / drop item | 1 | |
| Remove unit from queue | 1 | |
| Right click | 492 | |
| Select / deselect | 674 | |
| Use ability | 93 | |
1420 total
» units
| Acolyte | 6 | |
| Ghoul | 5 | |
| Crypt Fiend | 10 | |
| Frost Wyrm | 2 | |
| Obsidian Statue | 8 | |
| Archer | 6 | |
| Hippogryph | 2 | |
| Wisp | 9 | |
| Huntress | 3 | |
| Dryad | 11 | |
| Druid of the Claw | 2 | |
64 total
» upgrades
| Creature Attack | 2 | |
| Creature Carapace | 2 | |
| Web | 1 | |
| Destroyer Form | 1 | |
| Strength of the Moon | 2 | |
| Moon Armor | 1 | |
| Marksmanship | 1 | |
| Upgrade Moon Glaive | 1 | |
| Reinforced Hides | 3 | |
| Strength of the Wild | 2 | |
| Abolish Magic | 1 | |
| Druid of the Claw Training | 2 | |
| Mark of the Claw | 1 | |
20 total
» buildings
| Altar of Darkness | 1 | |
| Ziggurat | 8 | |
| Graveyard | 1 | |
| Crypt | 2 | |
| Nerubian Tower | 2 | |
| Spirit Tower | 2 | |
| Tomb of Relics | 1 | |
| Halls of the Dead | 1 | |
| Black Citadel | 1 | |
| Sacrificial Pit | 1 | |
| Boneyard | 2 | |
| Slaughterhouse | 2 | |
| Tree of Eternity | 1 | |
| Ancient of Wind | 2 | |
| Necropolis | 1 | |
| Moon Well | 4 | |
| Chimaera Roost | 2 | |
| Ancient of Lore | 2 | |
36 total
» build order
00:12 Altar of Darkness
00:23 Ziggurat
00:30 Graveyard
01:19 Crypt
01:29 Nerubian Tower
01:55 Crypt
02:07 Ziggurat
04:14 Spirit Tower
04:54 Tomb of Relics
05:57 Ziggurat
06:19 Ziggurat
07:48 Halls of the Dead
07:56 Nerubian Tower
08:10 Spirit Tower
09:07 Ziggurat
10:13 Black Citadel
10:20 Sacrificial Pit
11:10 Ziggurat
12:44 Boneyard
12:53 Slaughterhouse
13:39 Boneyard
15:09 Ziggurat
18:16 Tree of Eternity
18:48 Slaughterhouse
22:05 Ziggurat
26:37 Ancient of Wind
27:29 Necropolis
29:37 Ancient of Wind
30:57 Moon Well
30:59 Moon Well
33:55 Chimaera Roost
34:11 Chimaera Roost
34:27 Ancient of Lore
34:30 Ancient of Lore
40:16 Moon Well
43:01 Moon Well
» items
| Dust of Appearance | 1 | |
| Rod of Necromancy | 1 | |
| Scroll of Regeneration | 1 | |
| Potion of Healing | 1 | |
4 total
KoIyada (
teal | 86 APM | 6678 actions | 78:02)
10 Archmage
3 Summon Water Elemental
3 Brilliance Aura
1 Mass Teleport
3 Blizzard
» actions
| Assign group hotkey | 450 | |
| Basic commands | 96 | |
| Build / train | 330 | |
| ESC pressed | 14 | |
| Enter build submenu | 146 | |
| Enter hero's abilities submenu | 11 | |
| Give item / drop item | 13 | |
| Remove unit from queue | 2 | |
| Right click | 1849 | |
| Select / deselect | 698 | |
| Select group hotkey | 1587 | |
| Use ability | 1482 | |
6678 total
» units
| Peasant | 24 | |
| Footman | 11 | |
| Gryphon Rider | 13 | |
| Goblin Zeppelin | 2 | |
| Goblin Shredder | 1 | |
| Dragonhawk Rider | 1 | |
| Goblin Sapper | 3 | |
55 total
» upgrades
| Masonry | 3 | |
| Swords | 3 | |
| Lumber Harvesting | 2 | |
| Armor | 3 | |
| Animal War Training | 1 | |
| Cloud | 1 | |
| Storm Hammers | 1 | |
| Magic Sentry | 1 | |
| Priest Training | 2 | |
| Plating | 1 | |
| Gunpowder | 1 | |
| Backpack | 1 | |
| Defend | 1 | |
| Barrage | 1 | |
22 total
» buildings
| Barracks | 2 | |
| Altar of Kings | 1 | |
| Farm | 67 | |
| Lumber Mill | 1 | |
| Arcane Vault | 1 | |
| Scout Tower | 286 | |
| Guard Tower | 77 | |
| Arcane Tower | 76 | |
| Town Hall | 6 | |
| Keep | 3 | |
| Blacksmith | 2 | |
| Castle | 3 | |
| Gryphon Aviary | 4 | |
| Ancient Protector | 10 | |
| Moon Well | 2 | |
| Arcane Sanctum | 1 | |
| Workshop | 2 | |
| Cannon Tower | 4 | |
548 total
» build order
00:54 Barracks
00:56 Altar of Kings
00:58 Farm
01:11 Farm
01:26 Farm
02:01 Lumber Mill
02:16 Farm
02:20 Arcane Vault
02:52 Scout Tower
02:57 Scout Tower
03:19 Guard Tower
03:19 Guard Tower
03:20 Guard Tower
03:26 Arcane Tower
03:26 Arcane Tower
03:26 Arcane Tower
04:19 Town Hall
04:25 Scout Tower
04:26 Scout Tower
04:27 Scout Tower
04:29 Scout Tower
04:30 Scout Tower
04:32 Scout Tower
04:56 Guard Tower
04:56 Guard Tower
04:56 Guard Tower
04:57 Guard Tower
05:03 Guard Tower
05:46 Keep
05:46 Keep
05:59 Blacksmith
06:25 Scout Tower
06:26 Scout Tower
06:28 Scout Tower
06:31 Scout Tower
06:33 Scout Tower
06:53 Guard Tower
06:57 Guard Tower
07:05 Guard Tower
07:05 Guard Tower
07:07 Scout Tower
07:07 Scout Tower
07:34 Guard Tower
07:34 Guard Tower
07:35 Guard Tower
07:35 Guard Tower
07:35 Guard Tower
07:35 Guard Tower
07:36 Guard Tower
07:36 Guard Tower
08:25 Castle
08:25 Castle
09:30 Gryphon Aviary
09:34 Gryphon Aviary
12:31 Farm
13:47 Scout Tower
13:51 Scout Tower
14:18 Guard Tower
14:19 Guard Tower
14:19 Guard Tower
14:19 Guard Tower
14:19 Guard Tower
16:01 Gryphon Aviary
16:04 Gryphon Aviary
16:35 Scout Tower
16:36 Scout Tower
16:36 Scout Tower
16:37 Scout Tower
16:38 Scout Tower
16:38 Scout Tower
16:39 Scout Tower
16:39 Scout Tower
16:39 Scout Tower
16:40 Scout Tower
16:40 Scout Tower
16:41 Scout Tower
16:41 Scout Tower
16:42 Scout Tower
16:42 Scout Tower
16:43 Scout Tower
17:22 Guard Tower
17:22 Guard Tower
17:22 Guard Tower
17:23 Guard Tower
17:52 Guard Tower
17:52 Guard Tower
17:52 Guard Tower
18:16 Guard Tower
18:16 Guard Tower
18:16 Guard Tower
18:21 Guard Tower
18:21 Guard Tower
18:36 Farm
18:37 Farm
18:43 Farm
18:44 Farm
18:47 Farm
18:49 Farm
18:50 Guard Tower
18:51 Guard Tower
19:03 Ancient Protector
19:04 Ancient Protector
19:21 Ancient Protector
19:22 Ancient Protector
19:23 Ancient Protector
19:29 Ancient Protector
19:34 Ancient Protector
21:40 Moon Well
21:46 Moon Well
21:57 Ancient Protector
21:59 Ancient Protector
22:01 Ancient Protector
23:13 Town Hall
23:17 Scout Tower
23:18 Scout Tower
23:19 Scout Tower
23:21 Scout Tower
24:25 Guard Tower
26:58 Town Hall
27:01 Scout Tower
27:02 Scout Tower
27:03 Scout Tower
27:04 Scout Tower
27:46 Guard Tower
27:46 Guard Tower
27:46 Guard Tower
34:12 Scout Tower
37:13 Scout Tower
37:18 Arcane Tower
37:19 Arcane Tower
37:19 Arcane Tower
37:26 Arcane Sanctum
44:10 Workshop
44:40 Scout Tower
44:41 Scout Tower
44:42 Scout Tower
44:44 Scout Tower
44:46 Scout Tower
44:46 Scout Tower
44:48 Scout Tower
44:49 Scout Tower
44:49 Scout Tower
44:56 Scout Tower
44:57 Scout Tower
44:59 Scout Tower
45:00 Scout Tower
45:01 Scout Tower
45:02 Scout Tower
45:03 Scout Tower
45:04 Scout Tower
45:04 Scout Tower
45:05 Scout Tower
45:06 Scout Tower
45:06 Scout Tower
45:07 Scout Tower
45:08 Scout Tower
45:09 Scout Tower
45:10 Scout Tower
45:10 Scout Tower
45:14 Scout Tower
45:14 Scout Tower
45:15 Scout Tower
45:16 Scout Tower
45:18 Scout Tower
45:19 Scout Tower
45:20 Scout Tower
45:23 Scout Tower
45:28 Scout Tower
45:30 Scout Tower
45:32 Scout Tower
45:33 Scout Tower
45:45 Cannon Tower
45:45 Cannon Tower
45:45 Cannon Tower
45:49 Arcane Tower
45:49 Arcane Tower
45:50 Arcane Tower
45:50 Arcane Tower
45:51 Arcane Tower
45:59 Town Hall
46:43 Arcane Tower
46:44 Arcane Tower
47:07 Farm
47:07 Farm
47:08 Farm
47:09 Farm
47:11 Farm
47:16 Arcane Tower
47:16 Arcane Tower
47:16 Arcane Tower
47:25 Arcane Tower
47:26 Arcane Tower
47:26 Arcane Tower
47:28 Scout Tower
47:30 Scout Tower
47:31 Scout Tower
47:32 Scout Tower
47:34 Scout Tower
47:36 Scout Tower
47:37 Scout Tower
47:53 Scout Tower
47:54 Scout Tower
47:55 Scout Tower
47:56 Scout Tower
47:57 Scout Tower
48:02 Arcane Tower
48:02 Arcane Tower
48:02 Arcane Tower
48:24 Arcane Tower
48:24 Arcane Tower
48:24 Arcane Tower
48:25 Guard Tower
48:25 Guard Tower
48:26 Guard Tower
48:26 Guard Tower
48:26 Guard Tower
48:26 Guard Tower
48:28 Guard Tower
48:28 Guard Tower
48:28 Guard Tower
48:44 Arcane Tower
48:44 Arcane Tower
48:44 Arcane Tower
48:46 Arcane Tower
48:46 Arcane Tower
48:46 Arcane Tower
48:48 Arcane Tower
48:48 Arcane Tower
48:48 Arcane Tower
48:58 Scout Tower
49:00 Scout Tower
49:00 Scout Tower
49:01 Scout Tower
49:02 Scout Tower
49:03 Scout Tower
49:06 Scout Tower
49:07 Scout Tower
49:10 Scout Tower
49:11 Scout Tower
49:12 Scout Tower
50:14 Scout Tower
50:15 Scout Tower
50:16 Scout Tower
50:17 Scout Tower
50:20 Scout Tower
50:24 Scout Tower
50:26 Scout Tower
50:27 Scout Tower
50:31 Scout Tower
50:32 Scout Tower
50:33 Scout Tower
50:34 Scout Tower
51:45 Scout Tower
51:46 Scout Tower
51:47 Scout Tower
51:48 Scout Tower
51:54 Scout Tower
51:55 Scout Tower
51:56 Scout Tower
52:01 Scout Tower
52:03 Scout Tower
52:07 Scout Tower
52:08 Scout Tower
52:10 Scout Tower
52:11 Scout Tower
52:12 Scout Tower
52:13 Scout Tower
52:14 Scout Tower
52:15 Scout Tower
52:16 Scout Tower
52:16 Scout Tower
52:17 Scout Tower
52:18 Scout Tower
53:18 Scout Tower
53:22 Scout Tower
53:23 Scout Tower
53:26 Scout Tower
53:27 Scout Tower
53:28 Scout Tower
53:30 Scout Tower
53:31 Scout Tower
53:34 Scout Tower
53:37 Scout Tower
53:39 Scout Tower
53:42 Scout Tower
53:48 Scout Tower
53:49 Scout Tower
53:51 Scout Tower
53:53 Scout Tower
53:54 Scout Tower
53:55 Scout Tower
53:57 Scout Tower
53:58 Scout Tower
53:59 Scout Tower
55:23 Scout Tower
55:36 Town Hall
55:46 Scout Tower
55:48 Scout Tower
55:50 Scout Tower
55:51 Scout Tower
55:53 Scout Tower
55:54 Scout Tower
56:21 Scout Tower
56:27 Scout Tower
56:28 Scout Tower
56:31 Scout Tower
56:43 Scout Tower
56:48 Scout Tower
56:49 Scout Tower
56:50 Scout Tower
56:51 Scout Tower
56:52 Scout Tower
56:53 Scout Tower
56:54 Scout Tower
56:56 Scout Tower
56:58 Scout Tower
56:59 Scout Tower
57:00 Scout Tower
57:01 Scout Tower
57:02 Scout Tower
57:03 Scout Tower
57:04 Scout Tower
57:07 Scout Tower
57:08 Scout Tower
57:09 Scout Tower
57:10 Scout Tower
57:13 Arcane Tower
57:14 Arcane Tower
57:14 Arcane Tower
57:17 Arcane Tower
57:17 Arcane Tower
57:18 Arcane Tower
57:18 Arcane Tower
57:18 Arcane Tower
57:19 Arcane Tower
57:19 Arcane Tower
57:20 Arcane Tower
57:20 Arcane Tower
57:21 Arcane Tower
57:23 Arcane Tower
57:24 Arcane Tower
57:24 Arcane Tower
57:41 Scout Tower
57:42 Scout Tower
57:43 Scout Tower
57:44 Scout Tower
57:45 Scout Tower
57:51 Scout Tower
57:52 Scout Tower
57:53 Scout Tower
57:57 Scout Tower
57:57 Scout Tower
57:58 Scout Tower
57:58 Scout Tower
57:59 Scout Tower
58:00 Scout Tower
58:03 Scout Tower
58:04 Scout Tower
58:07 Scout Tower
58:09 Scout Tower
58:10 Scout Tower
58:10 Scout Tower
58:13 Scout Tower
58:16 Scout Tower
58:17 Scout Tower
58:18 Scout Tower
58:19 Scout Tower
58:20 Scout Tower
58:21 Scout Tower
58:22 Scout Tower
58:23 Scout Tower
58:24 Scout Tower
58:25 Scout Tower
58:26 Scout Tower
58:27 Scout Tower
58:28 Scout Tower
58:30 Scout Tower
58:30 Scout Tower
58:33 Scout Tower
58:34 Scout Tower
58:35 Scout Tower
58:37 Scout Tower
60:03 Scout Tower
60:05 Scout Tower
60:07 Scout Tower
60:10 Scout Tower
60:16 Scout Tower
60:24 Scout Tower
60:26 Scout Tower
60:27 Scout Tower
60:28 Scout Tower
60:29 Scout Tower
60:30 Scout Tower
60:30 Scout Tower
60:33 Scout Tower
60:34 Scout Tower
60:35 Scout Tower
60:36 Scout Tower
60:37 Scout Tower
60:38 Scout Tower
60:39 Scout Tower
60:40 Scout Tower
60:41 Scout Tower
60:41 Scout Tower
60:43 Scout Tower
60:45 Scout Tower
60:48 Scout Tower
60:50 Scout Tower
60:51 Scout Tower
60:55 Scout Tower
60:56 Scout Tower
61:04 Blacksmith
61:24 Scout Tower
61:26 Scout Tower
62:04 Scout Tower
62:05 Scout Tower
62:06 Scout Tower
62:08 Scout Tower
62:10 Scout Tower
62:11 Scout Tower
62:12 Scout Tower
62:14 Scout Tower
62:15 Scout Tower
62:17 Scout Tower
63:40 Scout Tower
64:06 Scout Tower
64:47 Scout Tower
65:26 Scout Tower
66:13 Barracks
66:18 Farm
66:22 Farm
66:30 Farm
66:34 Farm
66:46 Farm
67:03 Scout Tower
67:15 Scout Tower
67:26 Farm
67:38 Town Hall
67:40 Farm
67:42 Farm
67:43 Farm
67:44 Farm
67:45 Farm
67:47 Farm
67:48 Farm
67:49 Farm
67:50 Farm
67:51 Farm
67:52 Farm
67:54 Farm
67:56 Farm
67:58 Farm
67:59 Farm
68:04 Farm
68:05 Farm
68:06 Farm
68:07 Farm
68:09 Farm
68:12 Farm
68:13 Farm
68:15 Farm
68:17 Farm
68:18 Farm
68:20 Farm
68:21 Farm
68:22 Farm
68:23 Farm
68:25 Farm
68:26 Farm
68:27 Farm
68:30 Farm
68:31 Farm
68:32 Farm
69:06 Farm
69:07 Farm
69:14 Farm
69:15 Farm
69:33 Workshop
69:35 Scout Tower
69:41 Scout Tower
69:43 Scout Tower
69:46 Scout Tower
69:47 Scout Tower
69:48 Scout Tower
69:49 Scout Tower
69:50 Scout Tower
69:50 Scout Tower
71:40 Farm
71:41 Farm
71:43 Farm
71:44 Farm
71:45 Farm
71:46 Farm
72:24 Scout Tower
» items
| Staff of Teleportation | 1 | |
| Periapt of Vitality | 1 | |
| Boots of Speed | 1 | |
| Scroll of Regeneration | 12 | |
| Lesser Clarity Potion | 3 | |
| Scroll of Town Portal | 5 | |
| Potion of Healing | 4 | |
| Staff of Sanctuary | 1 | |
| Mechanical Critter | 3 | |
31 total

»
everyth1ng (
green | 57 APM | 938 actions | 16:22)
3 Pandaren Brewmaster
2 Breath of Fire
1 Drunken Brawler
» actions
| Assign group hotkey | 69 | |
| Basic commands | 90 | |
| Build / train | 61 | |
| Enter build submenu | 23 | |
| Enter hero's abilities submenu | 3 | |
| Right click | 320 | |
| Select / deselect | 257 | |
| Select group hotkey | 31 | |
| Use ability | 84 | |
938 total
» units
| Wisp | 24 | |
| Huntress | 9 | |
| Archer | 6 | |
| Hippogryph | 8 | |
47 total
» upgrades
| Strength of the Moon | 1 | |
| Strength of the Wild | 1 | |
| Reinforced Hides | 1 | |
| Moon Armor | 1 | |
| Improved Bows | 1 | |
| Hippogryph Taming | 1 | |
6 total
» buildings
| Altar of Elders | 1 | |
| Moon Well | 5 | |
| Ancient of War | 2 | |
| Hunter's Hall | 1 | |
| Ancient of Wonders | 1 | |
| Ancient Protector | 5 | |
| Tree of Life | 1 | |
| Tree of Ages | 1 | |
| Ancient of Wind | 3 | |
20 total
» build order
00:34 Altar of Elders
00:41 Moon Well
01:08 Ancient of War
01:38 Hunter's Hall
02:05 Moon Well
02:42 Ancient of Wonders
04:17 Moon Well
05:19 Ancient Protector
06:04 Ancient of War
06:22 Tree of Life
06:26 Ancient Protector
08:18 Ancient Protector
08:18 Ancient Protector
09:32 Tree of Ages
10:55 Moon Well
11:32 Ancient Protector
12:03 Ancient of Wind
12:20 Ancient of Wind
12:48 Moon Well
13:47 Ancient of Wind
» items
| Lesser Clarity Potion | 2 | |
| Circlet of Nobility | 1 | |
3 total
EatTheApple (
pink | 144 APM | 2345 actions | 16:19)
4 Far Seer
2 Feral Spirit
2 Chain Lighting
2 Shadow Hunter
1 Hex
1 Healing Wave
» actions
| Assign group hotkey | 18 | |
| Build / train | 58 | |
| Enter build submenu | 15 | |
| Enter hero's abilities submenu | 6 | |
| Give item / drop item | 3 | |
| Right click | 949 | |
| Select / deselect | 233 | |
| Select group hotkey | 973 | |
| Use ability | 90 | |
2345 total
» units
| Peon | 11 | |
| Grunt | 5 | |
| Troll Headhunter/Berserker | 7 | |
| Raider | 4 | |
| Spirit Walker | 1 | |
28 total
» upgrades
| Melee Weapons | 1 | |
| Armor | 1 | |
| Pillage | 1 | |
| Troll Regeneration | 1 | |
| Ensnare | 1 | |
| Ranged Weapons | 1 | |
| Spirit Walker Training | 1 | |
7 total
» buildings
| Altar of Storms | 1 | |
| Orc Burrow | 5 | |
| Barracks | 1 | |
| Stronghold | 2 | |
| War Mill | 1 | |
| Watch Tower | 2 | |
| Voodoo Lounge | 1 | |
| Great Hall | 1 | |
| Beastiary | 1 | |
| Spirit Lodge | 1 | |
| Fortress | 2 | |
18 total
» build order
00:02 Altar of Storms
00:08 Orc Burrow
00:27 Barracks
01:39 Orc Burrow
03:22 Stronghold
03:44 War Mill
04:59 Orc Burrow
05:47 Watch Tower
06:09 Voodoo Lounge
06:22 Orc Burrow
07:14 Watch Tower
08:20 Great Hall
10:11 Beastiary
10:29 Spirit Lodge
11:03 Orc Burrow
14:10 Fortress
14:11 Fortress
» items
| Healing Salve | 2 | |
| Lesser Clarity Potion | 3 | |
| Potion of Mana | 1 | |
| Scroll of Town Portal | 1 | |
7 total
Chat log
(00:31 / All) shikaka.naruto: we have a duke over here so its over laddies
(00:46 / All) Duke.BarrStorm: wooy
(00:48 / All) KoIyada: The only Duke this game is the great Duke Rod
(00:49 / All) Duke.BarrStorm: woot
(00:56 / All) shikaka.naruto: who is rod the duke
(00:59 / All) shikaka.naruto: sounds silly
(01:09 / All) KoIyada: maybe DUke Serling
(01:22 / All) KoIyada: Actually those both suck nvm
(01:22 / Allies) cerberusateit: plan?
(01:26 / Allies) shikaka.naruto: air here
(01:27 / Allies) shikaka.naruto: cc
(01:37 / Allies) shikaka.naruto: lets hero rush bottom right?
(02:38 / Allies) 13LACK_D34TH: bm
(02:40 / Allies) 13LACK_D34TH: come harass
(02:45 / Allies) shikaka.naruto: coming
(02:59 / Allies) 13LACK_D34TH: hry!
(03:08 / Allies) shikaka.naruto: 5 sec
(03:14 / Allies) 13LACK_D34TH: 4
(03:14 / Allies) 13LACK_D34TH: 3
(03:14 / Allies) 13LACK_D34TH: 2
(03:15 / Allies) 13LACK_D34TH: 1
(04:59 / Allies) 13LACK_D34TH: they saw towers
(05:01 / Allies) shikaka.naruto: someoen get melee
(08:00 / Allies) 13LACK_D34TH: go
(09:42 / All) shikaka.naruto: WELL done pink
(10:35 / Allies) 13LACK_D34TH: yellow
(10:36 / Allies) 13LACK_D34TH: come
(10:37 / Allies) 13LACK_D34TH: fast
(10:56 / Allies) shikaka.naruto: wood pzlz?
(11:04 / Allies) shikaka.naruto: lets meet soon
(11:07 / Allies) cerberusateit: k
(11:19 / Allies) shikaka.naruto: wood plz
(12:28 / Allies) shikaka.naruto: MEET
(12:31 / Allies) 13LACK_D34TH: we gotta hit
(12:50 / Allies) cerberusateit: brt
(13:47 / Allies) shikaka.naruto: wood plz
(14:56 / Allies) 13LACK_D34TH: go hit
(14:57 / Allies) 13LACK_D34TH: now!
(16:10 / Allies) Duke.BarrStorm: brb
(16:27 / Allies) cerberusateit: gg
(16:55 / All) KoIyada: grats level 2 LOL
(17:58 / Allies) Duke.BarrStorm: im meeting with purple
(18:01 / Allies) Duke.BarrStorm: and then we go
(18:28 / Allies) shikaka.naruto: they suck
(18:29 / Allies) shikaka.naruto: big time
(19:52 / Allies) cerberusateit: k
(20:39 / All) cerberusateit: yall dead
(20:53 / All) KoIyada: you'
(20:55 / All) KoIyada: re dead
(21:18 / All) KoIyada: nice death and decay lol
(21:22 / All) shikaka.naruto: lol
(21:26 / All) cerberusateit: shutup lol
(21:33 / All) KoIyada: you lost lol
(21:36 / All) cerberusateit: ha
(21:55 / Allies) Duke.BarrStorm: yellow
(21:57 / Allies) Duke.BarrStorm: need you
(21:57 / Allies) shikaka.naruto: coming
(23:19 / Allies) shikaka.naruto: gppgp
(24:07 / All) KoIyada: nice peasants
(24:15 / All) 13LACK_D34TH: i need a mine
(24:17 / All) 13LACK_D34TH: ugh
(24:22 / All) KoIyada: too bad
(24:23 / All) cerberusateit: me too
(24:26 / Allies) 13LACK_D34TH: yellow
(24:28 / Allies) 13LACK_D34TH: pool me
(24:29 / Allies) 13LACK_D34TH: alot
(24:34 / Allies) shikaka.naruto: ok
(24:36 / Allies) shikaka.naruto: ho wmuch
(24:36 / Allies) Duke.BarrStorm: me too plz
(24:38 / Allies) Duke.BarrStorm: im out
(24:43 / Allies) Duke.BarrStorm: i need 2000
(24:58 / Allies) shikaka.naruto: scout green
(25:01 / Allies) 13LACK_D34TH: need it for tanks
(25:03 / Allies) 13LACK_D34TH: wood too
(25:25 / Allies) 13LACK_D34TH: hry yellow
(25:30 / Allies) 13LACK_D34TH: money!
(25:31 / Allies) shikaka.naruto: coming
(26:02 / Allies) Duke.BarrStorm: plz work together\
(26:09 / Allies) 13LACK_D34TH: gold
(26:10 / Allies) Duke.BarrStorm: yellow
(26:10 / Allies) 13LACK_D34TH: fast
(26:15 / Allies) Duke.BarrStorm: please send 2000 my way
(26:19 / Allies) Duke.BarrStorm: im out
(26:23 / Allies) shikaka.naruto: we got this
(26:24 / Allies) shikaka.naruto: guys
(26:30 / Allies) 13LACK_D34TH: more
(26:31 / Allies) Duke.BarrStorm: i need momney
(26:32 / Allies) 13LACK_D34TH: please
(26:42 / Allies) shikaka.naruto: wtf i just gave u
(26:44 / Allies) shikaka.naruto: how mch more
(26:49 / Allies) Duke.BarrStorm: u gave 100 lol
(26:52 / Allies) Duke.BarrStorm: u have 7000
(26:57 / Allies) 13LACK_D34TH: i need like 2000
(27:53 / Allies) 13LACK_D34TH: yellow
(27:55 / Allies) 13LACK_D34TH: gimme gold
(27:59 / Allies) 13LACK_D34TH: for tanks
(28:00 / All) cerberusateit: me too
(28:00 / Allies) Duke.BarrStorm: yeellllow
(28:01 / Allies) 13LACK_D34TH: or it gg
(28:04 / Allies) Duke.BarrStorm: gimme gold
(28:07 / Allies) Duke.BarrStorm: or its gg
(28:08 / Allies) Duke.BarrStorm: lol
(28:48 / Allies) shikaka.naruto: we got htis
(28:49 / Allies) shikaka.naruto: guys
(28:51 / Allies) shikaka.naruto: hit green expo
(28:59 / All) cerberusateit: need gold and units
(29:06 / Allies) Duke.BarrStorm: we got this if you give gold for an army
(29:06 / Allies) 13LACK_D34TH: yellow
(29:08 / Allies) 13LACK_D34TH: please
(29:09 / Allies) 13LACK_D34TH: gold me
(29:12 / All) cerberusateit: gve me gold now or i tk ur mine
(29:16 / Allies) shikaka.naruto: there
(29:17 / Allies) shikaka.naruto: relax
(29:18 / Allies) Duke.BarrStorm: lol
(29:19 / All) shikaka.naruto: lol
(29:19 / All) KoIyada: LOL
(29:21 / Allies) 13LACK_D34TH: more
(29:23 / Allies) 13LACK_D34TH: plsease
(29:24 / All) cerberusateit: f that
(29:26 / All) shikaka.naruto: big loss lol
(29:31 / All) cerberusateit: more u have all mines
(29:33 / All) shikaka.naruto: i could really use a 15 apm ud player
(29:56 / All) cerberusateit: dude
(30:28 / All) shikaka.naruto: not 2 shabby
(30:29 / All) shikaka.naruto: blue
(30:31 / Allies) 13LACK_D34TH: yellow
(30:33 / Allies) Duke.BarrStorm: please spnd your gold
(30:33 / Allies) 13LACK_D34TH: gold
(30:34 / All) shikaka.naruto: u outsmarted big foot
(30:35 / Allies) 13LACK_D34TH: please
(30:39 / All) cerberusateit: i taking tht mine
(30:45 / All) cerberusateit: f this
(30:51 / All) shikaka.naruto: ull do no such thing lol
(30:58 / All) cerberusateit: help then
(31:00 / All) KoIyada: Don't worry I'll stop him for you
(31:01 / Allies) 13LACK_D34TH: yellow
(31:03 / Allies) 13LACK_D34TH: gold me
(31:10 / All) shikaka.naruto: thanks bud
(31:28 / All) cerberusateit: we lose
(31:40 / All) KoIyada: try hero focusing when I have no hero, faggot
(31:51 / All) shikaka.naruto: arrogant prick
(31:53 / All) shikaka.naruto: purple sure is
(31:57 / Allies) Duke.BarrStorm: sure is
(32:00 / Allies) Duke.BarrStorm: purple is jerk
(32:03 / Allies) Duke.BarrStorm: gold please :D
(32:06 / All) shikaka.naruto: trying to tk
(32:08 / All) shikaka.naruto: the nerve of him
(32:31 / All) cerberusateit: dnt want to brother but u hog resource and we gona lose for it
(33:05 / All) cerberusateit: cnt do shit
(33:13 / All) KoIyada: can't even tk an expo lol
(34:10 / All) shikaka.naruto: big threat
(34:12 / All) shikaka.naruto: needs to die
(34:16 / All) shikaka.naruto: very big threat
(34:30 / All) cerberusateit: thnks
(34:57 / All) cerberusateit: bye
(35:06 / All) shikaka.naruto: who wants 500 gold
(35:11 / Allies) 13LACK_D34TH: me!!!!
(35:24 / Allies) shikaka.naruto: use it to expo
(35:29 / All) KoIyada: nice hall, red
(35:41 / Allies) Duke.BarrStorm: ty
(35:47 / All) cerberusateit: lol
(36:16 / All) KoIyada: lost not 1 unit
(36:27 / All) shikaka.naruto: mind ur own business jerk
(36:31 / All) shikaka.naruto: we had to deal with a tker in purple
(36:42 / All) KoIyada: your team could all be tkers for all you know
(36:44 / All) KoIyada: shouldn't gold them
(36:49 / Allies) shikaka.naruto: expo there
(36:50 / All) KoIyada: purple could be whispering them and shit
(36:55 / All) Duke.BarrStorm: lol
(36:57 / All) cerberusateit: not
(37:21 / All) Duke.BarrStorm: IM COMING SMOOOOOCHI!!!
(37:46 / Allies) 13LACK_D34TH: 500 more gold?
(38:02 / All) KoIyada: all those neat farms
(38:10 / All) KoIyada: thanks for lining them up for me
(39:03 / All) KoIyada: orange
(39:06 / All) KoIyada: what do you think of the term
(39:08 / All) KoIyada: 'food block hell'
(39:10 / All) KoIyada: ????
(39:13 / All) 13LACK_D34TH: lol
(39:18 / All) cerberusateit: lol
(39:26 / Allies) Duke.BarrStorm: im with you yellow
(40:01 / Allies) shikaka.naruto: there ya go pal
(40:03 / Allies) shikaka.naruto: we got this
(40:05 / Allies) shikaka.naruto: teal is a retard
(40:10 / Allies) 13LACK_D34TH: yellow
(40:10 / Allies) shikaka.naruto: expo
(40:12 / Allies) 13LACK_D34TH: damn loan shark
(40:18 / All) cerberusateit: lol
(40:20 / All) shikaka.naruto: oj called me a loan shark : (
(40:31 / All) cerberusateit: tru dat
(40:38 / All) Duke.BarrStorm: I LOVE YELLOW
(40:47 / Allies) 13LACK_D34TH: more money
(40:48 / All) shikaka.naruto: kodos_forsaken's little brother yo
(40:50 / Allies) 13LACK_D34TH: to build faster
(41:10 / Allies) 13LACK_D34TH: gg
(41:11 / All) 13LACK_D34TH: mvp
(41:19 / All) shikaka.naruto: teal gonna get rapedddd
(41:24 / Allies) shikaka.naruto: lets skip to greens base first
(41:29 / Allies) shikaka.naruto: or no?
(41:30 / Allies) Duke.BarrStorm: tyy
(41:43 / Allies) Duke.BarrStorm: whatever you say yellow
(41:48 / Allies) Duke.BarrStorm: you have all the money
(41:50 / Allies) Duke.BarrStorm: so its ur call
(42:14 / Allies) shikaka.naruto: fight guys
(42:14 / Allies) shikaka.naruto: wtf
(42:23 / All) KoIyada: nice expo
(42:52 / All) shikaka.naruto: u mh?
(43:00 / All) shikaka.naruto: u hit the one expo with no towers teal
(43:01 / All) KoIyada: lol no you just suck noobs
(43:03 / All) KoIyada: eat shit
(43:07 / Allies) 13LACK_D34TH: i have no workers
(43:08 / Allies) 13LACK_D34TH: :(
(43:12 / Allies) Duke.BarrStorm: me either
(43:28 / All) cerberusateit: joke
(43:31 / All) shikaka.naruto: not too
(43:32 / All) shikaka.naruto: smart
(43:38 / Allies) shikaka.naruto: gonan tavern rez
(43:40 / Allies) shikaka.naruto: u guys got it
(44:06 / Allies) shikaka.naruto: im gonna kill off my towers so he cant get exp for them is that ok guys? he cant get lvl 10 hero or we're through
(44:16 / Allies) Duke.BarrStorm: lol
(44:23 / Allies) Duke.BarrStorm: ur pretty funny
(44:27 / Allies) Duke.BarrStorm: thats alright
(44:32 / Allies) 13LACK_D34TH: noooo
(44:32 / Allies) Duke.BarrStorm: we will kill ur towers togetherà
(44:34 / Allies) 13LACK_D34TH: dont do it
(44:39 / Allies) 13LACK_D34TH: thats wat he wants u to do
(44:42 / Allies) 13LACK_D34TH: its a trap!
(44:47 / Allies) shikaka.naruto: no such thing
(44:54 / Allies) 13LACK_D34TH: can i get money
(45:01 / Allies) 13LACK_D34TH: ill be a good girl
(45:11 / All) shikaka.naruto: cant let this fucker teal
(45:14 / All) shikaka.naruto: get exp from my towers
(45:18 / Allies) Duke.BarrStorm: lol
(45:19 / All) shikaka.naruto: asshole lvl 10 archmages are tough
(45:53 / All) shikaka.naruto: bitch teal
(45:57 / All) shikaka.naruto: no exp for u
(46:05 / Allies) 13LACK_D34TH: and ur hall too?
(46:10 / Allies) shikaka.naruto: that should stay
(46:11 / Allies) shikaka.naruto: imo
(46:12 / All) KoIyada: how the fuck you scrubs gonna get xp? my towers? lol
(46:24 / All) shikaka.naruto: when u kill my towers
(46:28 / Allies) 13LACK_D34TH: everything must go
(46:30 / All) shikaka.naruto: protect
(46:39 / All) Duke.BarrStorm: I WILL SAVE IT!!!
(47:25 / Allies) Duke.BarrStorm: can we kill green?
(47:27 / Allies) Duke.BarrStorm: that would be sweet
(47:57 / Allies) 13LACK_D34TH: go!
(47:57 / All) shikaka.naruto: fight red!!!
(48:43 / Allies) shikaka.naruto: scout
(48:49 / All) KoIyada: rip in peace orange
(49:04 / All) cerberusateit: gg
(49:05 / Allies) shikaka.naruto: scout
(49:36 / All) Duke.BarrStorm: -ms
(49:52 / All) Duke.BarrStorm: BAHAHAHHAHAHAHAHAAH
(49:53 / Allies) Duke.BarrStorm: \
(49:54 / All) shikaka.naruto: come red
(49:58 / All) shikaka.naruto: lets enter the guanlet
(50:00 / All) k2killer: this game is so stupid
(50:00 / All) shikaka.naruto: vatar mk
(50:03 / All) Duke.BarrStorm: lol
(50:14 / All) shikaka.naruto: kill this fucker
(50:35 / All) shikaka.naruto: come red use avatar on mk!!
(50:57 / All) shikaka.naruto: i made it!
(51:02 / All) cerberusateit: lol
(51:40 / All) Duke.BarrStorm: I DID IT
(51:44 / All) Duke.BarrStorm: WHOOOOOOOOEWW!!!
(51:49 / All) shikaka.naruto: lol
(51:57 / All) Duke.BarrStorm: CAN WE WIN NOW PLZ!!!
(51:58 / All) shikaka.naruto: i like this team very much
(52:01 / All) shikaka.naruto: even purple is funny
(52:06 / All) cerberusateit: ha
(52:26 / All) KoIyada: Wait 'til you see the gauntlet extend
(53:50 / All) shikaka.naruto: the duke
(53:53 / All) shikaka.naruto: is the last standing
(53:55 / All) shikaka.naruto: he is a warrior
(53:59 / All) Duke.BarrStorm: WOOT
(54:11 / All) Duke.BarrStorm: I WITHSTOOD THE GAUNTLET!!
(54:18 / All) KoIyada: BUT CAN YOU AGAIN?
(54:34 / All) KoIyada: pls no flame striking it or ruining it
(54:40 / All) shikaka.naruto: but from my point of the view the jedi are evil
(54:45 / All) KoIyada: wait for the workers to finish there so you can go through
(54:48 / All) Duke.BarrStorm: lol
(54:59 / All) shikaka.naruto: finish that hall red if u would
(55:11 / All) shikaka.naruto: we cant let teal get that exp from that hall red
(55:14 / All) Duke.BarrStorm: kill it?
(55:16 / All) Duke.BarrStorm: lol
(55:18 / All) KoIyada: careful not to hurt my workers
(55:31 / All) Duke.BarrStorm: so u guys must be buds eh?
(55:54 / All) shikaka.naruto: pro
(56:09 / All) KoIyada: I like how it zaps mana so you can't ruin it going through
(56:28 / All) Duke.BarrStorm: well thanks for the game
(56:32 / All) Duke.BarrStorm: that was ffun\\
(56:39 / All) KoIyada: dont leave yet the gauntlet isn't finished
(56:51 / All) Duke.BarrStorm: im only stayin gon ppromise of the win lol
(56:58 / All) Duke.BarrStorm: and i will do your gauntlet
(56:59 / All) Duke.BarrStorm: deal?
(57:06 / All) KoIyada: k
(57:06 / All) shikaka.naruto: lol
(57:10 / All) Duke.BarrStorm: okay ty
(57:16 / All) Duke.BarrStorm: i trust your a man of your word?
(57:22 / All) shikaka.naruto: wait wut sthe deal
(57:34 / All) KoIyada: the gauntlet isn't finished though
(57:35 / All) shikaka.naruto: his gauntlet isnt done
(57:36 / All) shikaka.naruto: tho
(57:36 / All) KoIyada: so don't do it yet
(57:37 / All) cerberusateit: red do gauntlet for win
(57:42 / All) Duke.BarrStorm: ok
(57:43 / All) shikaka.naruto: let teal finish the gaunlet
(57:45 / All) Duke.BarrStorm: HERE WE GO
(57:48 / All) KoIyada: gimme like 5 minutes
(57:49 / All) Duke.BarrStorm: WE HAVE TO GO NOW
(57:52 / All) Duke.BarrStorm: CANT
(57:54 / All) Duke.BarrStorm: ITS NOW
(57:58 / All) Duke.BarrStorm: HERE WE GO
(58:03 / All) shikaka.naruto: wait
(58:05 / All) KoIyada: NO
(58:05 / All) shikaka.naruto: give me 2 min red
(58:06 / All) KoIyada: NOT YET
(58:15 / All) Duke.BarrStorm: THE GAME IS GOING TO END
(58:22 / All) Duke.BarrStorm: IN 1:10
(58:58 / All) shikaka.naruto: i didn tthink tht through
(59:09 / All) KoIyada: GAUNTLET NOT DONE
(59:11 / All) cerberusateit: hey ya
(59:14 / All) Duke.BarrStorm: GIOVE ME WIN
(59:15 / All) KoIyada: FUCK YOU MESSED UP THAT QUEUE
(59:16 / All) Duke.BarrStorm: NOW|
(59:18 / All) shikaka.naruto: how the hell did he still have 200 mana
(59:18 / All) KoIyada: STOP
(59:19 / All) KoIyada: STOP
(59:30 / All) Duke.BarrStorm: GIVE
(59:31 / All) Duke.BarrStorm: PLZ
(59:34 / All) Duke.BarrStorm: UGH
(59:36 / All) Duke.BarrStorm: LIAR
(59:41 / All) Duke.BarrStorm: oh its not over
(59:43 / All) Duke.BarrStorm: lol
(59:43 / All) cerberusateit: gay
(59:47 / All) KoIyada: The deal was you had to wait for the gauntlet to finish bro
(59:58 / All) shikaka.naruto: im gonna give purple control
(59:59 / All) Duke.BarrStorm: your a liar and honorless
(60:03 / All) shikaka.naruto: see wut he does with my bm
(60:06 / All) Duke.BarrStorm: i am saving replay for all to know your lack of honor
(60:11 / All) Duke.BarrStorm: and posting to youtube
(60:20 / All) KoIyada: don't do it until it's over
(60:22 / All) KoIyada: what's your channel
(60:33 / All) Duke.BarrStorm: i dont have one
(60:38 / All) Duke.BarrStorm: but i will do this
(60:45 / All) Duke.BarrStorm: i still think your a jerk for renagging
(60:46 / All) shikaka.naruto: go purple
(60:49 / All) shikaka.naruto: you're up
(60:56 / All) shikaka.naruto: time for purple to run the gauntlet
(61:37 / All) cerberusateit: lol
(61:41 / All) shikaka.naruto: not too shabby
(62:02 / All) cerberusateit: that thing is bs
(62:39 / All) shikaka.naruto: i wish oj didnt lag out i liked him
(63:17 / All) KoIyada: are you stuck there?
(63:29 / All) KoIyada: does it get stuck at the hall?
(63:47 / All) shikaka.naruto: no but it acts strangely
(63:54 / All) KoIyada: purp doesn't have ziggurat I think
(64:00 / All) cerberusateit: right
(64:23 / All) cerberusateit: ha
(64:26 / All) KoIyada: gauntlet almost done I think
(64:54 / All) cerberusateit: later kids
(64:57 / All) KoIyada: now a peasant has to run the gauntlet to fill that hole
(65:00 / All) KoIyada: TT
(65:07 / All) KoIyada: oh it got in a hole at the side
(65:26 / All) shikaka.naruto: have wefaced red before
(65:35 / All) KoIyada: stop that
(66:01 / All) KoIyada: the gauntlet is done
(66:01 / All) KoIyada: well
(66:04 / All) KoIyada: t could go further
(66:08 / All) KoIyada: but too much work I think
(66:45 / All) Duke.BarrStorm: GO!!!!!
(66:52 / All) Duke.BarrStorm: 4 HP LOL!!!
(66:55 / All) KoIyada: oh I have a hole to plug there
(66:58 / All) shikaka.naruto: pro
(67:26 / All) shikaka.naruto: bad boy red
(67:28 / All) Duke.BarrStorm: NOOB
(67:45 / All) shikaka.naruto: havent we faced red before i think we have
(67:58 / All) Duke.BarrStorm: maybe?
(68:36 / All) shikaka.naruto: run duke
(68:46 / All) KoIyada: I got it queued to go to the goblin shop now
(69:18 / All) shikaka.naruto: he outstmarted me
(69:40 / All) shikaka.naruto: i say we should wrap this up
(69:54 / All) KoIyada: I agree
(69:58 / All) KoIyada: It has dragged on long enough
(70:00 / All) KoIyada: even if the gauntlet hasn't
(70:03 / All) KoIyada: 1 more run through it?
(70:50 / All) KoIyada: I'm glad your side has the last player I'd hate to have to kill all my team's structures
(71:04 / All) KoIyada: ARCANE REVEAL FOR DAYS
(71:25 / Allies) Duke.BarrStorm: THAT IS RUFE
(71:28 / All) Duke.BarrStorm: RUDE
(71:28 / All) shikaka.naruto: bad boy kath'ranis
(71:34 / All) shikaka.naruto: last time
(71:37 / All) shikaka.naruto: gauntlet run
(72:22 / All) KoIyada: fuck that hole didn't get plugged
(72:25 / All) shikaka.naruto: only had to click once
(72:42 / All) KoIyada: wtf is the pathing doing
(72:44 / All) shikaka.naruto: it acts strange
(72:54 / All) KoIyada: hmm
(72:57 / All) KoIyada: maybe that farm is blocking it
(73:39 / All) shikaka.naruto: i made it
(73:43 / All) Duke.BarrStorm: gg
(73:46 / All) KoIyada: that gauntlet is pro
(74:03 / All) KoIyada: Red what do you think of my gauntlet?
(74:09 / All) KoIyada: if only we had a team fo shredders to go through it
(74:16 / All) Duke.BarrStorm: a very impressive waste of time
(74:21 / All) KoIyada: lol
(74:31 / All) shikaka.naruto: would have been cooler if they stayed
(74:35 / All) Duke.BarrStorm: can i have the win plz
(74:55 / All) KoIyada: I say he loses since he stayed so long for the win
(75:18 / All) shikaka.naruto: its up to u, but i did like him, my team was prettty cool
(75:25 / All) KoIyada: hmm
(75:28 / All) KoIyada: let's give him the win then
(75:30 / All) KoIyada: Any last words red?
(75:33 / All) Duke.BarrStorm: thanks
(75:35 / All) shikaka.naruto: wait red
(75:36 / All) Duke.BarrStorm: been fun
(75:40 / All) shikaka.naruto: we're men of our words
(75:41 / All) shikaka.naruto: right?
(75:43 / All) KoIyada: Can I ask one thing of you before I leave?
(75:47 / All) Duke.BarrStorm: anything\
(75:52 / All) Duke.BarrStorm: oh\
(75:54 / All) Duke.BarrStorm: before we go
(76:01 / All) Duke.BarrStorm: can i ask you something as well?
(76:02 / All) shikaka.naruto: are we men of our words, duke?
(76:08 / All) KoIyada: Say "Flamechamp and Rod are the best 4v4 outland renovators of all time"
(76:10 / All) KoIyada: yes
(76:12 / All) KoIyada: you may
(76:18 / All) Duke.BarrStorm: okay serious question
(76:28 / All) Duke.BarrStorm: flamechamp
(76:32 / All) shikaka.naruto: yes?
(76:33 / Allies) Duke.BarrStorm: and rod
(76:37 / All) Duke.BarrStorm: and rod
(76:40 / All) Duke.BarrStorm: are best
(76:41 / All) KoIyada: yes?
(76:49 / All) Duke.BarrStorm: are the best *
(77:01 / All) Duke.BarrStorm: 4v4 outland renovators
(77:06 / All) Duke.BarrStorm: of all time
(77:10 / All) KoIyada: Good work
(77:11 / All) Duke.BarrStorm: okay my question
(77:12 / All) KoIyada: Shall I leave now?
(77:14 / All) KoIyada: oh
(77:14 / All) KoIyada: right
(77:19 / All) KoIyada: yeah go for it
(77:24 / All) Duke.BarrStorm: do you believe in Jesus?
(77:28 / All) shikaka.naruto: lawl
(77:29 / All) shikaka.naruto: for me
(77:31 / All) shikaka.naruto: no
(77:36 / All) Duke.BarrStorm: ok
(77:37 / All) KoIyada: Nay, not religiously
(77:38 / All) shikaka.naruto: i think its all a scam
(77:40 / All) shikaka.naruto: red
(77:43 / All) shikaka.naruto: if we face you again
(77:49 / All) shikaka.naruto: we'll tell you "we're the standoff guys'
(77:50 / All) shikaka.naruto: k?
(77:55 / All) Duke.BarrStorm: thanks for the game
(78:00 / All) KoIyada: thanks for staying